 Dungeon Crawl Stone Soup version 0.21-a0-361-g4efd3f9 (webtiles) character file.

10694 Dfrag the Destroyer (level 11, 0/68 HPs)
             Began as a Demonspawn Fire Elementalist on Oct 13, 2017.
             Was an Elder of Vehumet.
             Killed from afar by an orc wizard (8 damage)
             ... with a magic dart
             ... on level 10 of the Dungeon.
             The game lasted 00:21:47 (9736 turns).

Dfrag the Destroyer (Demonspawn Fire Elementalist)  Turns: 9736, Time: 00:21:47

Health: 0/68       AC: 12    Str:  9    XL:     11   Next: 39%
Magic:  2/24       EV: 12    Int: 19    God:    Vehumet [****..]
Gold:   531        SH:  0    Dex: 12    Spells: 16/29 levels left

rFire    + . .     SeeInvis .   n - +2 spear (venom)
rCold    . . .     Gourm    .   (no shield)
rNeg     . . .     Faith    .   a - +0 robe
rPois    .         Spirit   .   (no helmet)
rElec    .         Reflect  .   H - +0 cloak
rCorr    .         Harm     .   j - +2 pair of gloves
MR       .....                  (boots unavailable)
Stlth    +++.......             (no amulet)
HPRegen  0.21/turn              x - +3 ring of protection
MPRegen  0.19/turn              s - ring of stealth

@: no status effects
A: talons 3, icy blue scales 2, clumsy 1, fire resistance 1, mutation resistance
1, flame cloud immunity
a: Renounce Religion


You were on level 10 of the Dungeon.
You worshipped Vehumet.
Vehumet was greatly pleased with you.
You were very hungry.

You visited 2 branches of the dungeon, and saw 11 of its levels.
You also visited: Bailey.

You collected 531 gold pieces.

Inventory:

Hand Weapons
 n - a +2 spear of venom (weapon)
 M - a +2 short sword of protection
Armour
 a - a +0 robe (worn)
 j - a +2 pair of gloves (worn)
 m - a +0 pair of boots
 H - a +0 cloak (worn)
 I - a +1 pair of gloves of dexterity
Jewellery
 s - a ring of stealth (right hand)
 t - an uncursed ring of wizardry
 x - a +3 ring of protection (left hand)
Wands
 C - a wand of acid (0/15)
 N - a wand of polymorph (16/24)
 P - a wand of paralysis (6/24)
 U - a wand of polymorph (14/24)
Scrolls
 f - 4 scrolls of amnesia
 g - 3 scrolls of immolation
 k - 2 scrolls of magic mapping
 o - 4 scrolls of teleportation
 p - 3 scrolls of enchant weapon
 u - 4 scrolls of remove curse
 v - 5 scrolls of blinking {unknown}
 y - a scroll of fog {unknown}
 A - a scroll of vulnerability {unknown}
 O - a scroll of holy word {unknown}
 S - a scroll of identify
 T - a scroll of enchant armour {unknown}
Potions
 e - 2 potions of flight {unknown}
 h - a potion of resistance
 i - 7 potions of curing
 l - 2 potions of heal wounds
 q - a potion of might
 r - 2 potions of lignification {unknown}
 z - 2 potions of agility {unknown}
 B - a potion of invisibility {unknown}
 D - a potion of magic {unknown}
 E - 16 potions of degeneration
 J - 2 potions of haste {unknown}
 K - a potion of brilliance {unknown}
 L - a potion of cancellation {unknown}
Books
 b - a book of Flames

   Spells                             Type                      Level
   a - Flame Tongue                   Conjuration/Fire             1
   b - Throw Flame                    Conjuration/Fire             2
   c - Conjure Flame                  Conjuration/Fire             3
   d - Inner Flame                    Hexes/Fire                   3
   e - Sticky Flame                   Conjuration/Fire             4
   f - Fireball                       Conjuration/Fire             5
 F - a book of Maledictions

   Spells                             Type                      Level
   a - Corona                         Hexes                        1
   b - Ensorcelled Hibernation        Hexes/Ice                    2
   c - Confuse                        Hexes                        3
   d - Tukima's Dance                 Hexes                        3
   e - Dazzling Spray                 Conjuration/Hexes            3
Miscellaneous
 G - a phantom mirror
Comestibles
 c - 6 bread rations
 d - 8 royal jellies
 w - 5 meat rations
 Q - a chunk of flesh
 R - 10 fruits


   Skills:
 - Level 1.7 Dodging
 - Level 1.7 Stealth
 + Level 9.9 Spellcasting
 + Level 10.4 Conjurations
 + Level 10.0 Fire Magic


You had 16 spell levels left.
You knew the following spells:

 Your Spells              Type           Power        Failure   Level  Hunger
a - Flame Tongue          Conj/Fire      #####        1%          1    None
b - Conjure Flame         Conj/Fire      #####...     1%          3    None
c - Sticky Flame          Conj/Fire      #####...     1%          4    ###....
d - Fireball              Conj/Fire      #####.....   1%          5    #####..


Dungeon Overview and Level Annotations

Branches:
Dungeon (10/15)            Temple (1/1) D:5
   Lair: D:8-11         Orc: D:9-12

Altars:
Ashenzari
Cheibriados
Elyvilon
Hepliaklqana
Kikubaaqudgha
Makhleb
Okawaru
Qazlal
Ru
Sif Muna
Uskayaw
Vehumet
Wu Jian
Xom
Yredelemnul
The Shining One

Shops:
D:7 [

Annotations:
D:10 Snorg


Innate Abilities, Weirdness & Mutations

You have claws for feet.
You are mostly covered in icy blue scales. (AC +3)
Your flesh is heat resistant. (rF+)
You are immune to clouds of flame.
You are clumsy. (Dex -2)
You are somewhat resistant to further mutation.


Message History

Casting: Fireball
Confirm with . or Enter, or press ? or * to list all spells.
Aiming: Sticky Flame
Press: ? - help, Shift-Dir - straight line, f - ice beast
Aim: an ice beast (severely wounded)
The sticky flame hits the ice beast.
The ice beast melts!
The ice beast is almost dead.
The ice beast is covered in liquid flames!
The orc wizard shouts!
The ice beast burns!
You kill the ice beast!
Vehumet accepts your kill.
You feel your power returning. The orc wizard casts a spell at you.
The magic dart hits you!
* * * LOW HITPOINT WARNING * * *
A wyvern comes into view.
The orc wizard gestures at you while chanting.
The magic dart hits you!
You die...

.≈≈≈≈§≈.........
..............##
.........##....#
.........#..##.#
..........###.#####
#......#........##
#≈#....##...........
+.§...###...))...###
####.....@[?.....#
######.......%#
#######o## ..# .l. .


You could see an orc wizard.

Vanquished Creatures
  A hydra (D:8)
  Harold (D:10)
  2 two-headed ogres (D:8)
  3 orc knights (Bailey)
  A troll (D:9)
  2 dream sheep (D:8)
  3 hippogriffs
  A wyvern (D:8)
  2 yaks (D:8)
  Edmund (D:5)
  Duvessa (D:7)
  12 orc warriors
  5 ice beasts
  2 black bears
  2 sky beasts
  A necrophage (D:8)
  2 ogres
  4 phantoms
  2 centaurs
  4 big kobolds
  2 bullfrogs
  Dowan (D:7)
  A scorpion (D:9)
  9 killer bees
  A quasit (D:8)
  2 bullfrog zombies
  5 hounds
  A jelly (D:8)
  4 orc priests
  A gnoll shaman (D:8)
  8 orc wizards
  Crazy Yiuf (D:7)
  A bullfrog skeleton (D:6)
  A centaur skeleton (D:4)
  Ijyb (D:5)
  2 iguanas (D:8)
  4 worker ants
  2 hound zombies
  2 hound skeletons (D:8)
  A worker ant zombie (D:9)
  14 adders
  7 gnolls (D:8)
  A howler monkey skeleton (D:7)
  5 shadow imps
  4 oozes
  2 worms
  6 leopard geckos
  33 orcs
  7 bats
  A giant cockroach (D:3)
  2 gnoll zombies (D:5)
  12 goblins
  10 hobgoblins
  5 jackals
  12 kobolds
  6 quokkas
  A ball python (D:3)
  4 frilled lizards
  2 goblin skeletons (D:8)
  A goblin zombie (D:8)
  4 hobgoblin zombies (D:8)
  A kobold skeleton (D:8)
  2 kobold zombies (D:8)
  An orc skeleton (D:8)
  An orc zombie (D:8)
  A quokka zombie (D:9)
  13 rats
260 creatures vanquished.

Notes
Turn   | Place    | Note
-------+----------+-------------------------------------------
     0 | D:1      | Dfrag the Demonspawn Fire Elementalist began the quest for the Orb.
     0 | D:1      | Reached XP level 1. HP: 13/13 MP: 3/3
   300 | D:1      | Gained mutation: Your flesh is heat resistant. (rF+) [demonic ancestry]
   300 | D:1      | Reached XP level 2. HP: 11/19 MP: 0/5
   930 | D:2      | Gained mutation: You have sharp toenails. [demonic ancestry]
   930 | D:2      | Reached XP level 3. HP: 18/24 MP: 0/6
  1128 | D:2      | Found a hide-covered altar of Uskayaw.
  1487 | D:2      | Gained mutation: You are immune to clouds of flame. [demonic ancestry]
  1487 | D:2      | Reached XP level 4. HP: 30/30 MP: 5/8
  2112 | D:2      | Reached XP level 5. HP: 20/35 MP: 5/9
  2481 | D:2      | Learned a level 3 spell: Conjure Flame
  2486 | D:2      | Learned a level 4 spell: Sticky Flame
  3000 | D:4      | Noticed a phantom
  3038 | D:4      | Killed a phantom
  3038 | D:4      | Gained mutation: You are partially covered in icy blue scales. (AC +2) [demonic ancestry]
  3038 | D:4      | Reached XP level 6. HP: 34/41 MP: 1/11
  3089 | D:4      | Noticed an ice beast
  3102 | D:4      | Killed an ice beast
  3194 | D:4      | Found a stormy altar of Qazlal.
  3642 | D:4      | Reached XP level 7. HP: 46/46 MP: 6/13
  3840 | D:5      | Entered Level 5 of the Dungeon
  3932 | D:5      | Noticed Ijyb
  3990 | D:5      | Killed Ijyb
  4008 | D:6      | Reached skill level 5 in Fire Magic
  4051 | D:5      | Found a staircase to the Ecumenical Temple.
  4155 | Temple   | Entered the Ecumenical Temple
  4189 | Temple   | Became a worshipper of Vehumet
  4260 | D:5      | Noticed Edmund
  4320 | D:5      | Killed Edmund
  4320 | D:5      | Reached skill level 5 in Spellcasting
  4320 | D:5      | Reached skill level 5 in Conjurations
  4411 | D:5      | Gained mutation: You have razor-sharp toenails. [demonic ancestry]
  4411 | D:5      | Reached XP level 8. HP: 27/52 MP: 0/15
  4523 | D:5      | Found a basalt altar of Yredelemnul.
  4957 | D:6      | Found a hazy altar of Hepliaklqana.
  5268 | D:7      | Found a runed door.
  5319 | D:7      | Gained mutation: You are somewhat resistant to further mutation. [mutagenic meat]
  5320 | D:7      | Gained mutation: You are clumsy. (Dex -2) [mutagenic meat]
  5379 | D:7      | Noticed a hippogriff
  5393 | D:7      | Killed a hippogriff
  5395 | D:7      | Reached * piety under Vehumet
  5395 | D:7      | Offered knowledge of Sting by Vehumet.
  5574 | D:7      | Noticed Crazy Yiuf
  5579 | D:7      | Killed Crazy Yiuf
  5838 | D:7      | Noticed Duvessa
  5838 | D:7      | Noticed Dowan
  5852 | D:7      | Killed Duvessa
  5858 | D:7      | Killed Dowan
  5858 | D:7      | Reached XP level 9. HP: 55/57 MP: 1/18
  6077 | D:7      | Found a sacrificial altar of Ru.
  6246 | D:7      | Learned a level 5 spell: Fireball
  6248 | D:7      | Reached ** piety under Vehumet
  6248 | D:7      | Offered knowledge of Freeze by Vehumet.
  6279 | D:7      | Found Rophupiac's Armour Shop.
  6580 | D:8      | Noticed a two-headed ogre
  6594 | D:8      | Found a glowing golden altar of the Shining One.
  6606 | D:8      | Killed a two-headed ogre
  6690 | D:8      | Found a deep blue altar of Sif Muna.
  6929 | D:8      | Found a flagged portal.
  6939 | D:8      | Offered knowledge of Searing Ray by Vehumet.
  7027 | Bailey   | Entered a bailey
  7027 | Bailey   | Noticed an orc knight
  7031 | Bailey   | Noticed an orc knight
  7032 | Bailey   | Noticed an orc knight
  7064 | Bailey   | HP: 1/57 [orc warrior/halberd (31)]
  7271 | Bailey   | Gained mutation: You have claws for feet. [demonic ancestry]
  7271 | Bailey   | Reached XP level 10. HP: 22/63 MP: 10/22
  7528 | Bailey   | Killed an orc knight
  7528 | Bailey   | Killed an orc knight
  7645 | Bailey   | Reached *** piety under Vehumet
  7974 | Bailey   | Killed an orc knight
  8268 | D:8      | Noticed a two-headed ogre
  8281 | D:8      | Killed a two-headed ogre
  8508 | D:8      | Noticed a three-headed hydra
  8518 | D:8      | Killed a three-headed hydra
  8518 | D:8      | Gained mutation: You are mostly covered in icy blue scales. (AC +3) [demonic ancestry]
  8518 | D:8      | Reached XP level 11. HP: 51/68 MP: 1/24
  8624 | D:8      | Reached skill level 10 in Conjurations
  8797 | D:9      | Offered knowledge of Olgreb's Toxic Radiance by Vehumet.
  8904 | D:9      | Found a white marble altar of Elyvilon.
  8987 | D:9      | Found a shattered altar of Ashenzari.
  9318 | D:10     | Entered Level 10 of the Dungeon
  9318 | D:10     | Noticed Snorg
  9362 | D:10     | Noticed Harold
  9453 | D:9      | Reached **** piety under Vehumet
  9584 | D:10     | Killed Harold
  9584 | D:10     | Reached skill level 10 in Fire Magic
  9736 | D:10     | Killed from afar by an orc wizard

Vault maps used:
D:1:      dpeg_arrival_tiny_f
D:2:      minmay_diamond_boxcup, eat_drink_and_be_merry_uskayaw, first_bread,
          grunt_decor_cap
D:4:      grunt_qazlal_sundering
D:5:      lemuel_zombie_altar_yredelemnul, temple_fountains,
          kennysheep_generic_room_6, uniq_ijyb, uniq_edmund
D:6:      old_standard_altar, kennysheep_generic_room_7
D:7:      serial_shops, shop, minmay_door_square,
          nicolae_ru_sacrificial_ziggurat, uniq_duvessa, uniq_crazy_yiuf_cottage
D:8:      kennysheep_mini_moat, nicolae_tso_besieged_by_evil, enter_bailey_7,
          hangedman_ranch
D:9:      elyvilon_altar_1, nicolae_overflow_hidden_temple
D:10:     serial_shops, kennysheep_little_box, kennysheep_decorative_pillar,
          uniq_snorg, uniq_harold, uniq_erica
Temple:   jpeg_temple_clearing
Bailey:   bailey_polearm_4, bailey

Skill      XL: |  1  2  3  4  5  6  7  8  9 10 11 |
---------------+----------------------------------+-----
Fire Magic     | 3 4 5 6 8 9 10 | 10.0
Conjurations   | 2 3 4 5 6 8 9 10 | 10.4
Spellcasting   | 3 4 5 6 8 9 |  9.9
Dodging        | |  1.7
Stealth        | |  1.7

Action                   |  1- 3 |  4- 6 |  7- 9 | 10-12 || total
-------------------------+-------+-------+-------+-------++-------
Melee: Unarmed           |    35 |    72 |    37 |       ||   144
       Kick              |     2 |     6 |       |    22 ||    30
       Mace              |       |       |    34 |       ||    34
       Short sword       |       |       |    33 |       ||    33
       Spear             |       |       |    14 |    88 ||   102
 Cast: Flame Tongue      |    56 |   137 |   164 |    39 ||   396
       Sticky Flame      |       |       |    35 |    27 ||    62
       Fireball          |       |       |     5 |    45 ||    50
Evoke: Wand              |       |       |       |     4 ||     4
  Use: Scroll            |       |       |     9 |       ||     9
       Potion            |       |       |     3 |     2 ||     5
 Stab: Sleeping          |       |       |     3 |     4 ||     7
       Distracted        |       |       |     1 |     2 ||     3
  Eat: Chunk             |     2 |     6 |    21 |     9 ||    38
       Meat ration       |       |       |     1 |       ||     1
       Royal jelly       |       |       |       |     2 ||     2
       Fruit             |       |       |       |     3 ||     3
Armor: Robe              |     7 |    40 |   119 |    64 ||   230
Dodge: Dodged            |    42 |   102 |   171 |    82 ||   397

Table legend:
 A = Spawn XP
 B = Non-spawn XP
 C = Spawn XP percentage of total XP
 D = Spawn monster count
 E = Non-spawn monster count
 F = Spawn count percentage of total count
 G = Total turns spent on level
                    A         B        C        D         E        F      G
               +---------+---------+-------+---------+---------+-------+---------
         Total |       0 |   15278 |   0.0 |       0 |     260 |   0.0 |  9736
               +---------+---------+-------+---------+---------+-------+---------
           D:1 |       0 |      25 |   0.0 |       0 |      15 |   0.0 |   994
           D:2 |       0 |     196 |   0.0 |       0 |      39 |   0.0 |  1396
           D:3 |       0 |     132 |   0.0 |       0 |      25 |   0.0 |   591
           D:4 |       0 |     492 |   0.0 |       0 |      13 |   0.0 |   859
           D:5 |       0 |     591 |   0.0 |       0 |      19 |   0.0 |   878
           D:6 |       0 |     232 |   0.0 |       0 |       7 |   0.0 |   467
           D:7 |       0 |    1749 |   0.0 |       0 |      30 |   0.0 |  1276
           D:8 |       0 |    5273 |   0.0 |       0 |      55 |   0.0 |  1167
           D:9 |       0 |    1784 |   0.0 |       0 |      27 |   0.0 |   997
          D:10 |       0 |    1629 |   0.0 |       0 |      14 |   0.0 |    60
        Bailey |       0 |    3175 |   0.0 |       0 |      16 |   0.0 |   985
               +---------+---------+-------+---------+---------+-------+---------
